← All builds
Pond / Armada / Economy first / OBSERVED BUILD

Seeker hover raid

Armada Pond build order · Supreme Isthmus

Pond opens a Hovercraft Platform instead of Bot Lab, pushing Seeker hovercraft out from 4:05 to raid deep into the enemy base.

Usually pumps units (64%)

#raid #rush #amphibious · 33 distinct matches · 19 players · 2% of Armada Pond games · team won 58% of 33 · Recently observed

THE CATCH, AND WHAT COMES WITH IT
  • SeekerHover raid from 4:05 · 2% of role by thenFrom the Hovercraft Platform. Only 2% of Pond games have it by then; others who build it get it around 4:24
  • Hovercraft PlatformHovercraft Platform in 97%2% of all Pond games by then
  • SeekerSeeker in 58%1% of all Pond games by then

Where those units first fight, in 33 games with kill data: in the middle 73%, in the enemy base 15%, on their own side 12%.

Those units destroy a typical 1,748 metal of enemy units by 15:00.

HOW TO PLAY IT

Key timing: Hovercraft Platform by 3:18

  1. Open tidal-heavy eco instead of the usual lab-first economy.
  2. Rush the Hovercraft Platform straight off early tidals.
  3. Push Seeker hovercraft out to raid toward the enemy base.
  4. Reclaim the Hovercraft Platform once the raid runs its course.
  5. Pivot into Bot Lab and normal T2 constructor transition.

Phase by phase

TYPICAL OF ITS 33 GAMES · AGAINST STANDARD POND
  1. 1
  2. 2
  3. 3
PLAY THE OPENING

Follow the example game's first 6:00 step by step: what to build now, what comes next, and where it goes. At 1× it keeps pace with your own game.

  1. 1

    Up to the Hover raid

    Economy
    • Metal Extractor4Mex
    • Tidal Generator8Tidalfor allies
    • Wind Turbine7Wind
    • Tidal Generator1Tidal
    • Energy Storage1Energy storage
    Order
    1. Hovercraft PlatformHovercraft Platform after 4 mex, 6 wind, 1 energy storage
    2. SeekerHover raid after 4 mex, 7 wind, 1 energy storage

    Some games also: con hovercraft (48%)

    By 4:05 in all: 4 mex · 7 wind · 1 tidal · 1 energy storage

    The example game in this phase · 8 steps
    1. Mex ×4
    2. Wind ×4
    3. Energy storage
    4. Wind ×2
    5. Hovercraft PlatformHovercraft Platformdone 2:19 · typical 3:53
    6. Wind
    7. Construction HovercraftCon hovercraft ×2
    8. SeekerSeekerdone 3:31
  2. 2

    Hover raid to Bot Lab

    Economy
    • Wind Turbine9Wind−12 vs standard
    Order
    1. Hovercraft PlatformEat Hovercraft Platform in 73% of games
    2. Bot LabBot Lab after 4 mex, 19 wind, 1 tidaldone ~8:04, middle half 6:25–11:06
    Builders
    • Construction Turret1 Con turret
    Army
    • Seeker17 Seeker +17 vs standard

    Some games also: con hovercraft (42%) · converter (33%)

    The standard build makes here, this one skips: 6 converter

    By 8:14 in all: 4 mex · 19 wind (standard 26) · 1 tidal · 1 energy storage · 1 con turret

    The example game in this phase · 45 steps
    1. Con turret
    2. SeekerSeeker ×3
    3. NettleNettle
    4. SeekerSeeker
    5. SweeperSweeper
    6. Solar
    7. SeekerSeeker
    8. Solar
    9. SeekerSeeker
    10. Solar
    11. SeekerSeeker
    12. Con turret
    13. SeekerSeeker ×2
    14. SweeperSweeper
    15. SeekerSeeker ×2
    16. Wind
    17. SeekerSeeker
    18. Wind
    19. SeekerSeeker
    20. Wind
    21. SeekerSeeker
    22. Wind
    23. SentrySentry
    24. SweeperSweeper
    25. Wind
    26. SeekerSeeker
    27. Radar TowerRadar Tower
    28. Wind
    29. SeekerSeeker
    30. Wind
    31. SeekerSeeker
    32. Wind
    33. SeekerSeeker
    34. Wind
    35. SeekerSeeker
    36. Wind
    37. SweeperSweeper
    38. Wind
    39. SeekerSeeker
    40. Wind
    41. SentrySentry
    42. SeekerSeeker
    43. BeamerBeamer
    44. SeekerSeeker
    45. SweeperSweeper
  3. 3

    Bot Lab to 10:00

    Some games also: wind (45%)

    The standard build makes here, this one skips: 10 wind

    By 10:00 in all: 4 mex · 24 wind (standard 38) · 1 tidal · 1 converter (standard 9) · 1 energy storage · 1 con turret

    The example game in this phase · 40 steps
    1. SweeperSweeper ×2
    2. Vehicle PlantVehicle Plantdone 9:29
    3. Hovercraft PlatformEat Hovercraft Platformreclaimed for its metal
    4. BlitzBlitz ×11
    5. Mex
    6. BlitzBlitz
    7. Construction VehicleCon vehicle
    8. Mex
    9. BlitzBlitz ×2
    10. Converter
    11. Con turret
    12. BlitzBlitz ×2
    13. Converter
    14. BlitzBlitz ×5
    15. Wind
    16. Con turret
    17. BlitzBlitz
    18. Advanced Vehicle PlantAdvanced Vehicle Plantdone 13:15
    19. Wind
    20. Vehicle PlantEat Vehicle Plantreclaimed for its metal
    21. Wind
    22. Radar TowerRadar Tower
    23. Wind
    24. Mex
    25. Wind
    26. Mex
    27. Wind
    28. Radar TowerRadar Tower
    29. Advanced Construction VehicleT2 con vehicle
    30. Mex
    31. Con turret
    32. MauserMauser
    33. SentrySentry
    34. Advanced Metal ExtractorT2 mexdone 14:41 · typical 9:19
    35. Wind ×5
    36. MauserMauser
    37. Wind
    38. Advanced Metal ExtractorT2 mex
    39. Wind
    40. Mex

Counts are medians over the build's games: half of them build more, half fewer. The example game is fanboi's (31 OS, 18/09/2026); pick another.

Team trades

IN AT LEAST 30% OF ITS GAMES

You hand over

  • Tidal Generator8 Tidal to Suicide front or Frontfirst at 0:12 · in 70% of games

You get

  • Advanced Construction Bot1 T2 con bot from Techfirst at 7:32 · in 82% of games

How it plays out

Typical game of this build against the role’s standard build, running totals by minute

  • This build
  • Standard pond

Metal produced

010k20k30k
0:005:0010:0015:00

metal

Enemy metal destroyed

02k4k6k
0:005:0010:0015:00

metal

Own metal lost

02k4k
0:005:0010:0015:00

metal

33 games.

Show as table
ByMetal produced: This buildMetal produced: Standard pondEnemy metal destroyed: This buildEnemy metal destroyed: Standard pondOwn metal lost: This buildOwn metal lost: Standard pond
1:001151150000
2:003022680000
3:008808000000
4:00155214740000
5:00223121840000
6:00294329961300850
7:0038023916670213400
8:00490449521144170680120
9:005699622517763801105316
10:006814773920826111420553
11:008375967826228111800867
12:0010031120732654113222101296
13:0011630145462791154024651874
14:0013813174482807210330102493
15:0015975202014091257631453248
WHAT THE NUMBERS SAY

Team won the same share as the standard build, but this raid lost far more metal than it destroyed by 10:00.

  • + Destroys more enemy metal than standard by 10:00 (2166 vs 670)
  • + Hovercraft Platform live by 3:18 vs almost no one in role
  • − Own metal lost by 10:00 is 2348 vs 431 for standard
  • − Metal produced falls well behind standard by 15:00 (14103 vs 20997)
THE EXAMPLE YOU ARE READING

fanboi

30.6 OS · 18/09/2026

Open source match ↗

0 received units
8 metal received · 153 energy received

Allied construction assistance is unknown. Timings are observations, not a promise of solo reproducibility.

Typical milestones

Hovercraft Platform3:53Middle 50%: 3:40–4:10 · n=32
Bot Lab8:04Middle 50%: 6:25–11:06 · n=17
Advanced Metal Extractor9:19Middle 50%: 8:28–11:15 · n=27

Played most by

Rysica8games of this buildYogaBoy1584973games of this buildViltrum3games of this buildhaaven2games of this buildMrCoolPotato2games of this build